 Dungeon Crawl Stone Soup version 0.17-a0-2220-g6fea741 (webtiles) character file.

1199 Ijustatesigmund the Covert (level 8, 0/48 HPs)
             Began as an Octopode Wizard on Oct 28, 2015.
             Slain by a sky beast (5 damage)
             ... on level 6 of the Dungeon.
             The game lasted 00:24:25 (6961 turns).

Ijustatesigmund the Covert (Octopode Wizard)        Turns: 6961, Time: 00:24:26

Health: 0/48       AC:  1    Str:  6    XL:     8   Next: 44%
Magic:  3/12       EV: 13    Int: 23    God:
Gold:   133        SH:  0    Dex: 10    Spells: 5 memorised, 2 levels left

rFire  . . .     SeeInvis .     e - +2 whip (elec)
rCold  . . .     Clarity  .     (no shield)
rNeg   . . .     SustAt   .     a - +0 hat
rPois  .         Gourm    .     (no amulet)
rElec  .         Spirit   .     (no ring)
rCorr  .         Warding  .     (no ring)
rMut   .         Stasis   .     (no ring)
MR     .....                    (no ring)
Stlth  +++++.....               (no ring)
                                (no ring)
                                (no ring)
                                (no ring)

@: repel missiles, not resistant to hostile enchantments, quite stealthy
A: almost no armour, amphibious, 8 rings, constrict 8, camouflage 1, gelatinous
body 1
a: no special abilities


You were on level 6 of the Dungeon.
You were not hungry.

You visited 1 branch of the dungeon, and saw 6 of its levels.
You also visited: Ossuary.

You collected 133 gold pieces.

Inventory:

Hand Weapons
 e - a +2 whip of electrocution (weapon)
Armour
 a - a +0 hat (worn)
Jewellery
 l - an uncursed ring of fire
Wands
 s - a wand of digging (5)
 u - a wand of flame (18)
Scrolls
 d - a scroll of fear
 k - a scroll of recharging
 o - 2 scrolls of remove curse
 q - 2 scrolls of blinking
 w - 4 scrolls of magic mapping
Potions
 g - 3 potions of heal wounds
 h - a potion of mutation {unknown}
 j - a potion of cure mutation {unknown}
 m - 4 potions of curing
 n - a potion of poison {unknown}
 p - 2 potions of flight {unknown}
 r - a potion of ambrosia
 t - a potion of cancellation {unknown}
 v - a potion of berserk rage {unknown}
 z - a potion of haste
Books
 b - a book of Minor Magic

   Spells                             Type                      Level
   a - Magic Dart                     Conjuration                  1
   b - Blink                          Translocation                2
   c - Call Imp                       Summoning                    2
   d - Repel Missiles                 Charms/Air                   2
   e - Slow                           Hexes                        2
   f - Conjure Flame                  Conjuration/Fire             3
   g - Mephitic Cloud                 Conjuration/Poison/Air       3
Comestibles
 c - 3 bread rations
 f - 2 chunks of flesh


   Skills:
 - Level 1.3 Fighting
 + Level 4.0 Dodging
 + Level 8.0 Stealth
 - Level 3.0 Spellcasting
 + Level 5.8 Conjurations
   Level 1.0 Summonings
 - Level 1.0 Translocations
 - Level 3.0 Air Magic
 - Level 3.1 Poison Magic


You had 2 spell levels left.
You knew the following spells:

 Your Spells              Type           Power        Failure   Level  Hunger
a - Magic Dart            Conj           ####         1%          1    None
b - Blink                 Tloc           N/A          14%         2    ##.....
c - Repel Missiles        Chrm/Air       ##....       12%         2    ##.....
d - Mephitic Cloud        Conj/Pois/Air  ###.....     10%         3    ###....
e - Conjure Flame         Conj/Fire      ###.....     12%         3    ###....


Dungeon Overview and Level Annotations

Branches:
Dungeon (6/15)
 Temple: D:4-7

Altars:
Ashenzari
Fedhas
Makhleb
Qazlal
Trog
Vehumet
Zin

Annotations:
D:4 exclusion: statue


Innate Abilities, Weirdness & Mutations

You cannot wear most types of armour.
You are amphibious.
You can wear up to eight rings at the same time.
You can use your tentacles to constrict eight enemies at once.
Your skin changes colour to match your surroundings (Stealth).
Your rubbery body absorbs attacks (AC +1).


Message History

Press: ? - help, Shift-Dir - straight line, f/p - sky beast
Aim: a sky beast (severely wounded)
The puff of flame hits the sky beast.
The sky beast is almost dead.
Evoking this partially-identified wand wasted a few charges.
Drink which item? (? for menu, Esc to quit)
You feel much better.
The sky beast flickers out of sight!
Deactivating autopickup; reactivate with Ctrl-A.
You miss something. You squeeze something. Something barely misses you.
Something hits you. Something shocks you.
You barely miss something. Something hits you. Something shocks you.
* * * LOW HITPOINT WARNING * * *
You barely miss something. Your squeeze misses something. Something hits you.
* * * LOW HITPOINT WARNING * * *
Something shocks you.
* * * LOW HITPOINT WARNING * * *
You closely miss something. Something hits you.
* * * LOW HITPOINT WARNING * * *
Something shocks you.
You die...

...$. ..... .....####+##
...........#....#
...........#....#
...........##...#
............#...# .....
#...@{.......# .....
#............#####
......##................
...... +........<.......
......##...............>
...............#+##...<. ...
................#+##..... ....
#........................
#...##...........####.........


There were no monsters in sight!

Vanquished Creatures
  A phantom (D:5)
  A sky beast (D:4)
  2 centaurs (D:5)
  4 ogres
  An orc priest (D:3)
  5 orc wizards
  A hound (D:4)
  Natasha (thrice) (D:3)
  A worker ant (D:4)
  3 mummies (Ossuary)
  A hound skeleton (D:5)
  6 adders
  3 adder zombies (Ossuary)
  3 oozes
  3 worms
  8 giant geckos
  15 orcs
  10 bats
  3 giant cockroaches
  10 goblins
  7 hobgoblins
  7 jackals (D:3)
  10 kobolds
  2 quokkas
  4 ball pythons
  4 giant newts
  2 hobgoblin zombies (Ossuary)
  A jackal skeleton (D:6)
  7 kobold zombies (Ossuary)
  An orc zombie (Ossuary)
  5 quokka zombies
  11 rats
  2 rat zombies
147 creatures vanquished.

Vanquished Creatures (collateral kills)
  An orc (D:4)
1 creature vanquished.

Vanquished Creatures (others)
  2 plants (D:5)
2 creatures vanquished.

Grand Total: 150 creatures vanquished

Notes
Turn   | Place    | Note
--------------------------------------------------------------
     0 | D:1      | Ijustatesigmund the Octopode Wizard began the quest for the Orb.
     0 | D:1      | Reached XP level 1. HP: 11/11 MP: 4/4
   291 | D:1      | Reached XP level 2. HP: 17/17 MP: 6/6
   403 | D:1      | Learned a level 2 spell: Blink
   406 | D:1      | Learned a level 2 spell: Repel Missiles
   854 | D:2      | Reached XP level 3. HP: 19/21 MP: 7/7
   859 | D:2      | Learned a level 3 spell: Mephitic Cloud
  1148 | D:2      | Reached skill level 4 in Stealth
  1411 | D:2      | Found a shattered altar of Ashenzari.
  1470 | D:2      | Reached XP level 4. HP: 27/27 MP: 3/8
  1977 | D:2      | Found a blossoming altar of Fedhas.
  2518 | D:3      | Reached skill level 5 in Stealth
  2518 | D:3      | Reached skill level 1 in Poison Magic
  2518 | D:3      | Reached XP level 5. HP: 31/31 MP: 7/9
  2609 | D:3      | Noticed Natasha
  2615 | D:3      | Killed Natasha
  2615 | D:3      | Reached skill level 1 in Air Magic
  2726 | D:3      | Noticed Natasha
  2729 | D:3      | Killed Natasha
  3203 | D:3      | Reached XP level 6. HP: 36/36 MP: 4/10
  3414 | D:3      | Noticed an air elemental
  3415 | D:3      | Found a stormy altar of Qazlal.
  3416 | D:3      | Noticed an earth elemental
  3417 | D:3      | Noticed a water elemental
  3417 | D:3      | Noticed a fire elemental
  3599 | D:3      | Found a bloodstained altar of Trog.
  3622 | D:3      | Noticed Natasha
  3627 | D:3      | Killed Natasha
  3854 | D:4      | Found a radiant altar of Vehumet.
  3896 | D:4      | Found a sand-covered staircase.
  3914 | D:4      | Learned a level 3 spell: Conjure Flame
  3919 | Ossuary  | Entered an ossuary
  4912 | D:4      | Reached skill level 1 in Fighting
  4994 | D:4      | Found a glowing silver altar of Zin.
  5031 | D:4      | Reached XP level 7. HP: 26/43 MP: 1/11
  5349 | D:4      | Reached skill level 6 in Stealth
  5548 | D:4      | Found a burning altar of Makhleb.
  5666 | D:4      | Found a radiant altar of Vehumet.
  6155 | D:5      | Entered Level 5 of the Dungeon
  6172 | D:5      | Reached skill level 7 in Stealth
  6172 | D:5      | Reached skill level 5 in Conjurations
  6313 | D:5      | Reached XP level 8. HP: 48/48 MP: 10/12
  6836 | D:5      | Reached skill level 8 in Stealth
  6951 | D:6      | HP: 1/48 [sky beast (6)]
  6961 | D:6      | Slain by a sky beast

Vault maps used:
D:1:      eino_arrival_cavern_e, minivault_25
D:2:      lemuel_coloured_pillars_altar, ashenzari_altar_1
D:3:      nicolae_qazlal_style_of_elements, lightli_temple_of_fire, uniq_natasha
D:4:      vehumet_statue, makhleb_heckhound_becter, old_standard_altar,
          enter_ossuary_4, vehumet_altar_wand_db
D:5:      first_bread, serial_bayou_lagoon_a
D:6:      marbit_many_paths, minmay_misc_feat_columns, led_sif_book
Ossuary:  ossuary_minmay_chase

Action                   |  1- 3 |  4- 6 |  7- 9 || total
-------------------------+-------+-------+-------++-------
Melee: Unarmed           |     7 |       |       ||     7
       Whip              |    31 |    77 |    78 ||   186
 Cast: Magic Dart        |    67 |   162 |    60 ||   289
       Repel Missiles    |     1 |       |       ||     1
       Mephitic Cloud    |       |     4 |     7 ||    11
       Blink             |       |       |     6 ||     6
Evoke: Wand              |       |       |     2 ||     2
  Use: Scroll            |     6 |     5 |     4 ||    15
       Potion            |       |     1 |     2 ||     3
 Stab: Sleeping          |     4 |     5 |     4 ||    13
       Confused          |       |       |     1 ||     1
  Eat: Chunk             |     2 |     7 |     3 ||    12
       Beef jerky        |       |     1 |     1 ||     2
       Fruit             |       |     1 |       ||     1
       Pizza             |       |     1 |       ||     1
       Bread ration      |       |       |     1 ||     1
